 Dungeon Crawl Stone Soup version 0.30-a0-920-g7493c07aab (webtiles) character file.

Game seed: 14266787038528809153

3817 cheesebisquit the Grappler (level 9, -1/93 HPs)
             Began as a Troll Fighter on Mar 20, 2023.
             Slain by an orc warrior
             ... wielding a +0 halberd
              (15 damage)
             ... on level 7 of the Dungeon on Mar 21, 2023.
             The game lasted 00:19:08 (5671 turns).

cheesebisquit the Grappler (Troll Fighter)          Turns: 5671, Time: 00:19:08

Health: -1/93      AC:  6    Str: 30    XL:     9   Next: 97%
Magic:  8/8        EV:  8    Int:  4    God:
Gold:   415        SH:  7    Dex:  9    Spells: 8/8 levels left

rFire   + . .      SeeInvis .      - Unarmed
rCold   . . .      Faith    .    b - +0 kite shield
rNeg    . . .      Spirit   .    n - +2 robe {rF+}
rPois   .          Reflect  .    (helmet restricted)
rElec   .          Rampage  .    J - scarf {harm}
rCorr   .          Harm     + .  (gloves unavailable)
Will    +....                    (boots unavailable)
Stlth   +                        (no amulet)
HPRegen 1.15/turn                l - ring of willpower
MPRegen 0.11/turn                m - ring of flight

@: flying
A: large, unfitting armour, claws 3, regeneration 1, shaggy fur 1, tough skin 1
a: no special abilities


You were on level 7 of the Dungeon.
You visited 2 branches of the dungeon, and saw 8 of its levels.
You also visited: Sewer.

You collected 415 gold pieces.

Inventory:

Missiles
 d - 80 stones (quivered)
 j - 16 poisoned darts
 o - 6 boomerangs
 x - a curare-tipped dart
Armour
 b - a +0 kite shield (worn)
 n - a +2 robe of fire resistance (worn)
 J - a scarf of harm (worn)
Jewellery
 l - a ring of willpower (left claw)
 m - a ring of flight (right claw)
 G - a ring of resist corrosion
 K - a ring of protection from fire
Wands
 a - a wand of flame (24)
 I - a wand of light (10)
Scrolls
 c - a scroll of acquirement {unknown}
 f - 4 scrolls of fear
 q - 2 scrolls of amnesia
 s - a scroll of magic mapping
 v - a scroll of fog {unknown}
 y - 2 scrolls of teleportation
 C - a scroll of noise
 D - 2 scrolls of blinking
 E - a scroll of immolation
Potions
 e - 4 potions of degeneration
 g - 2 potions of resistance
 h - 3 potions of haste
 i - 3 potions of heal wounds
 k - a potion of attraction
 r - 2 potions of lignification
 u - 5 potions of invisibility
 z - a potion of experience {unknown}
 A - 2 potions of magic
 B - a potion of brilliance {unknown}
 F - a potion of mutation {unknown}
 H - a potion of curing {unknown}


   Skills:
 + Level 7.4 Fighting
 - Level 2.4 Dodging
 - Level 2.6 Shields
 * Level 11.9 Unarmed Combat


You had 8 spell levels left.
You didn't know any spells.
Your spell library contained the following spells:

 Spells                   Type           Power      Damage    Failure   Level
 Blink                    Tloc           0%         N/A       91%         2
 Lesser Beckoning         Tloc           0%         N/A       91%         2
 Momentum Strike          Conj/Tloc      0%         3d8       91%         2
 Ignite Poison            Fire/Tmut/Pois 0%         N/A       99%         3
 Kindle Blastsparks       Fire/Tloc/Air  0%         2d10      99%         3
 Portal Projectile        Hex/Tloc       0%         N/A       99%         3
 Tukima's Dance           Hex            0%         N/A       99%         3
 Blade Hands              Tmut           0%         N/A       100%        5
 Freezing Cloud           Conj/Ice/Air   0%         6-21      100%        5


Dungeon Overview and Level Annotations

Branches:
Dungeon (7/15)             Temple (1/1) D:6           Sewer (visited)

Altars:
Ashenzari
Cheibriados
Dithmenos
Fedhas
Gozag
Hepliaklqana
Kikubaaqudgha
Makhleb
Okawaru
Qazlal
Ru
Sif Muna
Trog
Uskayaw
Vehumet
Wu Jian
Xom
Yredelemnul
Zin
The Shining One


Innate Abilities, Weirdness & Mutations

You are too large for most types of armour.
You have claws for hands.
Your natural rate of healing is unusually fast.
You are covered in fur. (AC +1)
You have tough skin. (AC +1)


Message History

The centaur wields a +0 shortbow.
The centaur shoots an arrow.
The arrow hits you.
Things that are here:
a +0 club; an orc corpse You barely miss the orc.
You claw the orc!
You kill the orc!
You barely miss the wight. You block the wight's attack.
You mangle the wight!!
You destroy the wight!
The centaur shoots an arrow.
You block the arrow.
You completely miss the white imp. The white imp gestures at you.
The puff of frost hits you.
You barely miss the white imp. The white imp hits you.
The white imp freezes you.
You mangle the white imp!!
You kill the white imp!
The centaur shoots an arrow.
You block the arrow.
You scratch the orc.
The orc is lightly wounded.
You block the orc's attack.
The orc warrior hits you from afar with a +0 halberd!
You barely miss the orc.
The orc is lightly wounded.
You block the orc's attack. The orc warrior barely misses you.
You mangle the orc!!
You kill the orc!
The centaur shoots an arrow.
The arrow hits you but does no damage. You block the orc warrior's attack.
The centaur shoots an arrow.
The arrow hits you!
The centaur shoots an arrow.
The arrow hits you!
The orc warrior throws a boomerang.
The boomerang hits you.
* * * LOW HITPOINT WARNING * * *
The centaur shoots an arrow.
You block the arrow.
The orc warrior hits you with a +0 halberd!
* * * LOW HITPOINT WARNING * * *
You mangle the orc warrior!!
The orc warrior is almost dead.
The orc warrior hits you with a +0 halberd!
You die...

.. #.### #.#. #
#.... #.#. . [
##..#. .#.# .#.
#.....###...###o.
#..# #...#.#...#
#..###....:....#
#...##J.)###†..##..
#...@oco..)).......
##.#####........#..
########### #.#
#######....#
..........# #.#
##.# #########.#
#.# #
#########.####.####
..................#
#########.####.####
#.####..###..


You could see an orc warrior, a centaur, a jelly and an orc.

Vanquished Creatures
  Prince Ribbit (D:6)
  Grinder (D:6)
  Sigmund (D:2)
  A wyvern (D:7)
  Eustachio (D:5)
  A steam dragon (D:6)
  Menkaure (D:5)
  Edmund (D:5)
  A water moccasin (D:6)
  A black bear (D:6)
  2 ice beasts
  2 sky beasts (D:6)
  An ogre (D:5)
  A centaur (D:6)
  A phantom (D:6)
  3 kobold brigands (Sewer)
  2 bullfrogs
  5 scorpions
  2 gnoll sergeants
  A wight (D:7)
  4 hounds
  A gnoll bouda (D:7)
  A centaur skeleton (D:3)
  3 orc priests (D:5)
  A sleepcap (D:6)
  4 iguanas
  6 orc wizards
  A hound skeleton (D:3)
  12 adders
  13 gnolls
  7 river rats
  A shadow imp (D:6)
  3 white imps
  An ufetubus (D:4)
  4 worms (D:3)
  2 dart slugs
  19 orcs
  5 endoplasms
  A giant cockroach (D:1)
  3 hobgoblins
  3 jackals (D:4)
  22 kobolds
  2 quokkas
  7 ball pythons
  2 bats
  4 frilled lizards
  3 goblins
  A quokka skeleton (D:3)
  26 rats
192 creatures vanquished.

Notes
Turn   | Place    | Note
-------+----------+-------------------------------------------
     0 | D:1      | cheesebisquit the Troll Fighter began the quest for the
                  | Orb.
     0 | D:1      | Reached XP level 1. HP: 22/22 MP: 0/0
   550 | D:1      | Reached XP level 2. HP: 28/29 MP: 1/1
   864 | D:2      | Noticed Sigmund
   885 | D:2      | Killed Sigmund
   886 | D:2      | Reached skill level 4 in Unarmed Combat
   886 | D:2      | Reached XP level 3. HP: 36/37 MP: 2/2
   886 | D:2      | Reached XP level 4. HP: 44/45 MP: 3/3
   886 | D:2      | Reached XP level 5. HP: 52/53 MP: 4/4
  1579 | D:3      | Reached skill level 5 in Unarmed Combat
  1637 | D:3      | Upgraded the game from 0.30-a0-918-g0ff054e9dc to
                  | 0.30-a0-920-g7493c07aab
  1925 | D:3      | Found a glowing drain.
  1930 | Sewer    | Entered a sewer
  1953 | Sewer    | Reached XP level 6. HP: 62/62 MP: 5/5
  2058 | Sewer    | Reached skill level 6 in Unarmed Combat
  2235 | Sewer    | Reached XP level 7. HP: 70/70 MP: 6/6
  2949 | D:4      | Reached skill level 7 in Unarmed Combat
  3388 | D:5      | Entered Level 5 of the Dungeon
  3388 | D:5      | Noticed Edmund
  3393 | D:5      | Killed Edmund
  3394 | D:5      | Reached skill level 5 in Fighting
  3444 | D:5      | Noticed Menkaure
  3447 | D:5      | Killed Menkaure
  3448 | D:5      | Reached skill level 8 in Unarmed Combat
  3448 | D:5      | Reached XP level 8. HP: 80/80 MP: 7/7
  3837 | D:5      | Noticed Eustachio
  3875 | D:5      | Killed Eustachio
  3876 | D:5      | Reached skill level 9 in Unarmed Combat
  4548 | D:6      | Found an ancient bone altar of Kikubaaqudgha.
  4550 | D:6      | Found a hide-covered altar of Uskayaw.
  4551 | D:6      | Found a shimmering blue altar of Sif Muna.
  4551 | D:6      | Found a sacrificial altar of Ru.
  4586 | D:6      | Noticed Prince Ribbit
  4586 | D:6      | Noticed Grinder
  4591 | D:6      | Killed Prince Ribbit
  4592 | D:6      | Reached skill level 10 in Unarmed Combat
  4592 | D:6      | Reached XP level 9. HP: 74/89 MP: 8/8
  4593 | D:6      | Killed Grinder
  4825 | D:6      | Reached skill level 11 in Unarmed Combat
  4932 | D:6      | Found a staircase to the Ecumenical Temple.
  4939 | Temple   | Entered the Ecumenical Temple
  5615 | D:7      | Found a bloodstained altar of Trog.
  5671 | D:7      | Slain by an orc warrior

Illustrated notes

Levels and vault maps discovered:
D:1:      saegor_arrival_miasma, layout_basic, minmay_misc_feat_iff
D:2:      layout_loops_ring, uniq_sigmund
D:3:      layout_rooms, serial_undead, serial_undead_d, serial_undead_d,
          serial_undead_c, serial_undead_f, lightli_sewer_entry_pipes,
          kennysheep_generic_room_5
D:4:      layout_basic
D:5:      layout_basic, uniq_edmund, uniq_eustachio, uniq_menkaure
D:6:      layout_basic, grunt_temple_overflow_open,
          minmay_temple_entry_sparse_star, uniq_prince_ribbit1, uniq_grinder
D:7:      layout_loops_ring, nicolae_overflow_hidden_temple, trog_wizard,
          minmay_starry_boxes
Temple:   hellmonk_temple_of_storms

Skill      XL: |  1  2  3  4  5  6  7  8  9 |
---------------+----------------------------+-----
Fighting       | 3 4 5 6 7 |  7.4
Unarmed Combat | 4 5 6 8 10 11 | 11.9
Dodging        | |  2.4
Shields        | |  2.6

Action                     |  1- 3 |  4- 6 |  7- 9 || total
---------------------------+-------+-------+-------++-------
  Melee: Unarmed           |    39 |   174 |   314 ||   527
  Throw: Stone             |       |       |     2 ||     2
    Use: Scroll            |       |     1 |    13 ||    14
         Potion            |       |       |     6 ||     6
   Stab: Sleeping          |       |       |     1 ||     1
 Armour: Robe              |     5 |    67 |    92 ||   164
  Dodge: Dodged            |    12 |    67 |   105 ||   184
  Block: Kite shield       |    15 |    78 |   117 ||   210

Table legend: (Time is in decaauts)
 A = Elapsed time spent in this place.
 B = Non-inter-level travel time spent in this place.
 C = Inter-level travel time spent in this place.
 D = Time resting spent in this place.
 E = Time spent auto-exploring this place.
 F = Levels seen in this place.
 G = Mean time per level.
                   A        B        C        D        E       F      G
               +--------+--------+--------+--------+--------+-----+--------+
         Total |   5667 |   5244 |    423 |    137 |   3815 |   9 |  629.7 |
       Dungeon |   5072 |   4655 |    417 |    137 |   3459 |   7 |  724.6 |
        Temple |     40 |     34 |      6 |      0 |     22 |   1 |   40.0 |
         Sewer |    554 |    554 |      0 |      0 |    334 |   1 |  554.0 |
               +--------+--------+--------+--------+--------+-----+--------+

Top non-repeatable levels by time:
     D:5: 1074 daAuts
     D:1: 845 daAuts
     D:6: 826 daAuts
     D:4: 752 daAuts
     D:2: 683 daAuts
     D:3: 651 daAuts
   Sewer: 554 daAuts
     D:7: 239 daAuts
  Temple: 40 daAuts
